Avalanche vs Jets

Created - 27 février 2020 at 19:58

Goals
1 2 3 T
Avalanche 1 0 2 3
Jets 0 1 1 2
Shots
1 2 3 T
Avalanche 17 6 10 33
Jets 15 11 18 44

1st period

1. Avalanche , Zack Kassian 6 (Carl Soderberg 22) at 11:08

Penalties :
Zack Kassian (COL) for Checking from behind (Minor) at 7:07

2nd period

2. Jets , Alex Galchenyuk 17 (Victor Olofsson 15, Troy Brouwer 21) at 11:03

Penalties :
Zach Aston-Reese (WIN) for Charging (Minor) at 1:33, Mattias Ekholm (COL) for Roughing (Minor) at 6:27, Jujhar Khaira (COL) for Goalie Interference (Minor) at 14:23

3rd period

3. Jets , James van Riemsdyk 18 (Nathan MacKinnon 33, Colton Sissons 17) at 0:29 (PP)
4. Avalanche , Nikita Kucherov 21 (Aleksander Barkov 42) at 10:33 (PP)
5. Avalanche , Sean Couturier 10 (Mark Stone 13, Mark Giordano 23) at 16:27 (PP)

Penalties :
Jaccob Slavin (COL) for Diving (Minor) at 0:23, Sean Couturier (COL) for Roughing (Minor) at 8:19, Wayne Simmonds (WIN) for Slashing (Minor) at 10:27, Thomas Hickey (WIN) for Holding (Minor) at 15:31, Sean Couturier (COL) for High sticking (Minor) at 18:08

Goalie Stats

Pekka Rinne (COL), 42 saves from 44 shots - (0,955), W, 24-18-4, 60:00 minutes
MacKenzie Blackwood (WIN), 30 saves from 33 shots - (0,909), L, 19-19-6, 60:00 minutes

Players Stats for Avalanche

Player Name              G  A  P  +/- PIM S  H  SB GA TA FO     MP     PP MP  PK MP  
------------------------------------------------------------------------------------
Aleksander Barkov        0  1  1  -1  0   2  0  0  0  1  10/22  16:11   2:00   0:00 
Anthony Duclair          0  0  0   1  0   4  2  0  2  0  2/2    14:50   1:01   2:35 
Brayden Point            0  0  0  -1  0   3  2  1  0  0  1/2    17:55   2:00   1:44 
Carl Soderberg           0  1  1   1  0   6  1  0  0  0  8/19   16:25   0:00   5:21 
Eric Fehr                0  0  0   0  0   0  0  0  0  0  1/4     6:40   0:00   0:00 
Jaccob Slavin            0  0  0   0  2   1  3  0  1  1  0/0    21:14   0:47   4:00 
Jay Bouwmeester          0  0  0   0  0   0  0  2  0  0  0/0    14:17   0:00   0:32 
Jujhar Khaira            0  0  0   0  2   0  0  1  0  0  0/0     6:39   0:00   0:00 
Kevin Connauton          0  0  0   0  0   0  0  2  0  1  0/0    14:57   0:00   0:46 
Mark Giordano            0  1  1   0  0   1  0  1  0  2  0/0    24:57   2:14   5:53 
Mark Stone               0  1  1   0  0   2  1  0  0  0  0/1    19:15   1:01   3:03 
Mattias Ekholm           0  0  0   0  2   0  2  1  0  1  0/0    21:44   0:47   4:35 
Nikita Kucherov          1  0  1  -1  0   4  4  0  2  0  0/2    16:11   2:00   0:00 
Patrick Marleau          0  0  0   0  0   1  0  0  0  0  0/0     6:40   0:00   0:00 
Reilly Smith             0  0  0   0  0   1  3  1  1  1  0/2    20:03   0:00   5:17 
Ryan Ellis               0  0  0   0  0   4  1  3  1  0  0/0    22:49   2:14   4:00 
Sean Couturier           1  0  1   0  4   3  1  0  0  0  15/20  17:56   1:01   1:46 
Zack Kassian             1  0  1   1  2   1  2  0  0  0  0/0    11:18   0:00   0:00 

Players Stats for Jets

Player Name              G  A  P  +/- PIM S  H  SB GA TA FO     MP     PP MP  PK MP  
------------------------------------------------------------------------------------
Alex Galchenyuk          1  0  1   1  0   4  2  0  1  0  8/16   17:47   4:20   0:26 
Alexander Volkov         0  0  0   0  0   3  0  0  0  0  0/1     7:37   0:00   0:00 
Brennan Menell           0  0  0   0  0   0  1  0  0  0  0/0     2:24   0:00   0:00 
Brett Ritchie            0  0  0   0  0   5  1  1  0  0  0/0     7:37   0:00   0:00 
Colton Sissons           0  1  1  -1  0   4  0  0  1  0  1/2    22:28   5:30   0:23 
James van Riemsdyk       1  0  1  -1  0   8  1  1  0  0  0/1    24:04   5:30   2:19 
Jonathan Ericsson        0  0  0   1  0   1  0  4  0  2  0/0    19:25   4:17   0:47 
Josh Manson              0  0  0  -1  0   2  0  2  0  2  0/0    30:28   5:36   2:14 
Josh Morrissey           0  0  0  -1  0   0  0  2  0  1  0/0    28:04   5:36   2:14 
Mark Pysyk               0  0  0   1  0   2  2  1  0  1  0/0    19:25   4:17   0:47 
Martin Hanzal            0  0  0   0  0   0  0  0  0  0  0/0     9:56   0:03   0:00 
Mike Sgarbossa           0  0  0   0  0   1  2  0  1  0  2/4     7:37   0:00   0:00 
Nate Prosser             0  0  0   0  0   0  0  0  0  0  0/0    10:07   0:00   0:00 
Nathan MacKinnon         0  1  1  -1  0   5  1  0  3  0  21/39  24:11   5:33   2:20 
Thomas Hickey            0  0  0   0  2   0  0  0  0  1  0/0    10:06   0:00   0:00 
Troy Brouwer             0  1  1   1  0   0  2  0  0  0  0/1    17:21   4:20   0:00 
Victor Olofsson          0  1  1   1  0   3  1  1  0  0  0/0    18:15   4:20   0:34 
Wayne Simmonds           0  0  0   0  2   1  0  1  0  0  0/0     9:55   0:03   0:00 
Zach Aston-Reese         0  0  0   0  2   5  2  0  1  0  5/10   10:09   0:00   0:00 

3 Stars

1 - Pekka Rinne (COL)
2 - Alex Galchenyuk (WIN)
3 - Nikita Kucherov (COL)

Power Play

Avalanche - 2 on 3 Attempt(s) - 66,67%
Jets - 1 on 6 Attempt(s) - 16,67%

Penalty Kill

Avalanche - 5 on 6 Attempt(s) - 83,33% - Score 0 goal in Penalty Kill
Jets - 1 on 3 Attempt(s) - 33,33% - Score 0 goal in Penalty Kill

Team Stat

Avalanche - Hits : 22 - Faceoff Wins : 37 - Blocked Shots : 12 - Penalty Minutes : 12
Jets - Hits : 15 - Faceoff Wins : 37 - Blocked Shots : 13 - Penalty Minutes : 6

Official

Referees : Dennis LaRue and Justin StPierre
Linesman : Derek Nansen and Brandon Gawryletz

Game Notes

No Game Note

Finance

Level 1 -- Attendance: 6000 (100,00%) -- Ticket Income 570 000 $
Level 2 -- Attendance: 4956 (99,12%) -- Ticket Income 297 360 $
Level 3 -- Attendance: 1257 (62,85%) -- Ticket Income 56 565 $
Level 4 -- Attendance: 2623 (65,58%) -- Ticket Income 70 821 $
Luxury Box -- Attendance: 683 (68,30%) -- Ticket Income 143 430 $
Game was played at the No Name Arena.
Total Attendance: 15519 (86,22%)
Total Ticket Income: 1 138 176 $
Other Income: 557 706 $
Total Income: 1 695 882 $

Avalanche

5 vs 5 Forward 
   Center                   Left Wing                Right Wing               Time % Phy DF OF 
 1 Sean Couturier           Reilly Smith             Mark Stone               34     0   1  4  
 2 Aleksander Barkov        Nikita Kucherov          Brayden Point            34     0   1  4  
 3 Carl Soderberg           Anthony Duclair          Zack Kassian             27     0   2  3  
 4 Eric Fehr                Jujhar Khaira            Patrick Marleau          5      0   5  0  

5 vs 5 Defense 
   Defense                  Defense                                           Time % Phy DF OF 
 1 Ryan Ellis               Mattias Ekholm                                    34     0   3  2  
 2 Jaccob Slavin            Mark Giordano                                     34     0   3  2  
 3 Jay Bouwmeester          Kevin Connauton                                   27     0   3  2  
 4 Jay Bouwmeester          Kevin Connauton                                   5      0   5  0  

PowerPlay Forward 
   Center                   Left Wing                Right Wing               Time % Phy DF OF 
 1 Aleksander Barkov        Nikita Kucherov          Brayden Point            60     0   1  4  
 2 Sean Couturier           Anthony Duclair          Mark Stone               40     0   1  4  

PowerPlay Defense
   Defense                  Defense                                           Time % Phy DF OF 
 1 Mark Giordano            Ryan Ellis                                        60     0   3  2  
 2 Mattias Ekholm           Jaccob Slavin                                     40     0   3  2  

Penalty Kill 4 Players Forward 
   Center                   Wing                     Time % Phy DF OF 
 1 Carl Soderberg           Reilly Smith             60     0   3  2  
 2 Sean Couturier           Mark Stone               40     0   3  2  

Penalty Kill 4 Players Defense
   Defense                  Defense                  Time % Phy DF OF 
 1 Mark Giordano            Mattias Ekholm           60     0   4  1  
 2 Jaccob Slavin            Ryan Ellis               40     0   4  1  

Penalty Kill - 3 Players Forward 
   Forward                                           Time % Phy DF OF 
 1 Carl Soderberg                                    60     0   5  0  
 2 Eric Fehr                                         40     0   5  0  

Penalty Kill - 3 Players Defense
   Defense                  Defense                  Time % Phy DF OF 
 1 Mark Giordano            Mattias Ekholm           60     1   4  0  
 2 Jaccob Slavin            Ryan Ellis               40     1   4  0  

4 vs 4 Forward 
   Center                   Wing                     Time % Phy DF OF 
 1 Sean Couturier           Mark Stone               60     0   2  3  
 2 Aleksander Barkov        Reilly Smith             40     0   2  3  

4 vs 4 Defense
   Defense                  Defense                  Time % Phy DF OF 
 1 Mark Giordano            Mattias Ekholm           60     0   3  2  
 2 Jaccob Slavin            Ryan Ellis               40     0   3  2  

Last Minutes Offensive
   Center                   Left Wing                Right Wing               Defense                  Defense                  
   Aleksander Barkov        Nikita Kucherov          Mark Stone               Mark Giordano            Ryan Ellis               

Last Minutes Defensive
   Center                   Left Wing                Right Wing               Defense                  Defense                  
   Sean Couturier           Carl Soderberg           Mark Stone               Mark Giordano            Ryan Ellis               

Goaltenders
Starting : Pekka Rinne              
Backup : Brian Elliott            

Extra Forwards
Normal : Carl Soderberg, Zack Kassian, Anthony Duclair - PP : Carl Soderberg, Brayden Point - PK : Anthony Duclair
Extra Defensemen
Normal : Ryan Ellis, Mark Giordano, Mattias Ekholm - PP : Jay Bouwmeester - PK : Kevin Connauton, Jay Bouwmeester
Penalty Shots
Aleksander Barkov, Sean Couturier, Nikita Kucherov, Mark Stone, Reilly Smith
Custom OT Lines Forwards
Aleksander Barkov, Nikita Kucherov, Sean Couturier, Brayden Point, Carl Soderberg, Mark Stone, Reilly Smith, Zack Kassian, Anthony Duclair, Eric Fehr
Custom OT Lines Defensemen
Mark Giordano, Mattias Ekholm, Jaccob Slavin, Ryan Ellis, Jay Bouwmeester

Scratches
None

Jets

5 vs 5 Forward 
   Center                   Left Wing                Right Wing               Time % Phy DF OF 
 1 Nathan MacKinnon         James van Riemsdyk       Colton Sissons           40     1   2  2  
 2 Alex Galchenyuk          Victor Olofsson          Troy Brouwer             30     1   2  2  
 3 Zach Aston-Reese         Wayne Simmonds           Martin Hanzal            20     1   2  2  
 4 Mike Sgarbossa           Alexander Volkov         Brett Ritchie            10     1   2  2  

5 vs 5 Defense 
   Defense                  Defense                                           Time % Phy DF OF 
 1 Josh Manson              Josh Morrissey                                    40     1   2  2  
 2 Jonathan Ericsson        Mark Pysyk                                        30     1   2  2  
 3 Thomas Hickey            Nate Prosser                                      20     1   2  2  
 4 Brennan Menell           Josh Manson                                       10     1   2  2  

PowerPlay Forward 
   Center                   Left Wing                Right Wing               Time % Phy DF OF 
 1 Nathan MacKinnon         James van Riemsdyk       Colton Sissons           60     1   2  2  
 2 Alex Galchenyuk          Victor Olofsson          Troy Brouwer             40     1   2  2  

PowerPlay Defense
   Defense                  Defense                                           Time % Phy DF OF 
 1 Josh Manson              Josh Morrissey                                    60     1   2  2  
 2 Jonathan Ericsson        Mark Pysyk                                        40     1   2  2  

Penalty Kill 4 Players Forward 
   Center                   Wing                     Time % Phy DF OF 
 1 Nathan MacKinnon         James van Riemsdyk       60     1   2  2  
 2 Colton Sissons           Victor Olofsson          40     1   2  2  

Penalty Kill 4 Players Defense
   Defense                  Defense                  Time % Phy DF OF 
 1 Josh Manson              Josh Morrissey           60     1   2  2  
 2 Jonathan Ericsson        Mark Pysyk               40     1   2  2  

Penalty Kill - 3 Players Forward 
   Forward                                           Time % Phy DF OF 
 1 Nathan MacKinnon                                  60     1   2  2  
 2 James van Riemsdyk                                40     1   2  2  

Penalty Kill - 3 Players Defense
   Defense                  Defense                  Time % Phy DF OF 
 1 Josh Manson              Josh Morrissey           60     1   2  2  
 2 Jonathan Ericsson        Mark Pysyk               40     1   2  2  

4 vs 4 Forward 
   Center                   Wing                     Time % Phy DF OF 
 1 Nathan MacKinnon         James van Riemsdyk       60     1   2  2  
 2 Colton Sissons           Victor Olofsson          40     1   2  2  

4 vs 4 Defense
   Defense                  Defense                  Time % Phy DF OF 
 1 Josh Manson              Josh Morrissey           60     1   2  2  
 2 Jonathan Ericsson        Mark Pysyk               40     1   2  2  

Last Minutes Offensive
   Center                   Left Wing                Right Wing               Defense                  Defense                  
   Nathan MacKinnon         James van Riemsdyk       Colton Sissons           Josh Manson              Josh Morrissey           

Last Minutes Defensive
   Center                   Left Wing                Right Wing               Defense                  Defense                  
   Nathan MacKinnon         James van Riemsdyk       Colton Sissons           Josh Manson              Josh Morrissey           

Goaltenders
Starting : MacKenzie Blackwood      
Backup : Craig Anderson           

Extra Forwards
Normal : Martin Hanzal, Wayne Simmonds, Zach Aston-Reese - PP : Martin Hanzal, Wayne Simmonds - PK : Zach Aston-Reese
Extra Defensemen
Normal : Thomas Hickey, Nate Prosser, Brennan Menell - PP : Thomas Hickey - PK : Nate Prosser, Brennan Menell
Penalty Shots
Nathan MacKinnon, James van Riemsdyk, Colton Sissons, Victor Olofsson, Alex Galchenyuk
Custom OT Lines Forwards
Nathan MacKinnon, James van Riemsdyk, Colton Sissons, Victor Olofsson, Alex Galchenyuk, Troy Brouwer, Wayne Simmonds, Zach Aston-Reese, Martin Hanzal, Brett Ritchie
Custom OT Lines Defensemen
Josh Manson, Josh Morrissey, Jonathan Ericsson, Mark Pysyk, Thomas Hickey

Scratches
Matt Hunwick (Unknown), Bobby Sanguinetti (Healthy), Richard Clune (Healthy), Jonathan Bernier (Unknown)

% Time on Ice - Avalanche

Lines # - Real PCT - Wanted PCT - Time Play
Normal Forward
1 - 31% - 34% - 14:46
2 - 31% - 34% - 14:36
3 - 23% - 27% - 11:04
4 - 14% - 5% - 6:40
Normal Defense
1 - 36% - 34% - 16:53
2 - 35% - 34% - 16:28
3 - 27% - 27% - 12:49
4 - 2% - 5% - 0:56
PP Forward
1 - 66% - 60% - 2:00
2 - 34% - 40% - 1:01
PP Defense
1 - 74% - 60% - 2:14
2 - 26% - 40% - 0:47
PK Forward
1 - 69% - 60% - 6:50
2 - 31% - 40% - 3:03
PK Defense
1 - 60% - 60% - 5:53
2 - 40% - 40% - 4:00
PK3 Forward
1 - 0% - 60%
2 - 0% - 40%
PK3 Defense
1 - 0% - 60%
2 - 0% - 40%
44 Forward
1 - 0% - 60%
2 - 0% - 40%
44 Defense
1 - 0% - 60%
2 - 0% - 40%
Last Minute Offensive  - 0:00
Last Minute Defensive  - 0:00
Total
Forward - 60:00
Defense - 60:00

% Time on Ice - Jets

Lines # - Real PCT - Wanted PCT - Time Play
Normal Forward
1 - 35% - 40% - 16:18
2 - 28% - 30% - 13:21
3 - 21% - 20% - 9:50
4 - 16% - 10% - 7:37
Normal Defense
1 - 43% - 40% - 20:14
2 - 30% - 30% - 14:21
3 - 21% - 20% - 10:07
4 - 5% - 10% - 2:24
PP Forward
1 - 56% - 60% - 5:33
2 - 44% - 40% - 4:20
PP Defense
1 - 57% - 60% - 5:36
2 - 43% - 40% - 4:17
PK Forward
1 - 87% - 60% - 2:38
2 - 13% - 40% - 0:23
PK Defense
1 - 74% - 60% - 2:14
2 - 26% - 40% - 0:47
PK3 Forward
1 - 0% - 60%
2 - 0% - 40%
PK3 Defense
1 - 0% - 60%
2 - 0% - 40%
44 Forward
1 - 0% - 60%
2 - 0% - 40%
44 Defense
1 - 0% - 60%
2 - 0% - 40%
Last Minute Offensive  - 0:00
Last Minute Defensive  - 0:00
Total
Forward - 60:00
Defense - 60:00

Play-by-Play

1st period


0:01 of 1st period - Sean Couturier wins face-off versus Nathan MacKinnon in neutral zone.
0:33 of 1st period - Wrist shot by Nikita Kucherov.
0:33 of 1st period - Stopped by MacKenzie Blackwood without a rebound.
0:34 of 1st period - Zach Aston-Reese wins face-off versus Carl Soderberg in Jets zone.
0:34 of 1st period - Zach Aston-Reese is hit by Anthony Duclair.
1:00 of 1st period - Jonathan Ericsson is hit by Jaccob Slavin and loses puck.
2:00 of 1st period - Thomas Hickey is hit by Brayden Point and loses puck.
2:07 of 1st period - Snap shot by Nikita Kucherov.
2:07 of 1st period - Shot Misses the Net.
2:45 of 1st period - Slapshot by Wayne Simmonds.
2:45 of 1st period - Shot Blocked by Kevin Connauton.
3:07 of 1st period - Snap shot by Patrick Marleau.
3:07 of 1st period - Shot Misses the Net.
3:23 of 1st period - Wrist shot by Nathan MacKinnon.
3:23 of 1st period - Shot Blocked by Ryan Ellis.
3:35 of 1st period - Zach Aston-Reese is hit by Carl Soderberg and loses puck.
3:40 of 1st period - Wrist shot by Carl Soderberg.
3:40 of 1st period - Shot Misses the Net.
3:42 of 1st period - Slapshot by Mark Giordano.
3:42 of 1st period - Deflect By Carl Soderberg.
3:42 of 1st period - Shot Misses the Net.
3:42 of 1st period - Puck is out of play.
3:43 of 1st period - Sean Couturier wins face-off versus Nathan MacKinnon in Jets zone.
3:44 of 1st period - Slapshot by Reilly Smith.
3:44 of 1st period - Stopped by MacKenzie Blackwood with a rebound.
4:37 of 1st period - Slapshot by Ryan Ellis.
4:37 of 1st period - Shot Blocked by Josh Manson.
4:39 of 1st period - Snap shot by Mattias Ekholm.
4:39 of 1st period - Shot Blocked by Josh Morrissey.
5:01 of 1st period - Snap shot by Anthony Duclair.
5:01 of 1st period - Stopped by MacKenzie Blackwood without a rebound.
5:02 of 1st period - Sean Couturier wins face-off versus Nathan MacKinnon in Jets zone.
5:31 of 1st period - Wrist shot by Anthony Duclair.
5:31 of 1st period - Stopped by MacKenzie Blackwood with a rebound.
5:57 of 1st period - Icing by Mark Giordano.
5:58 of 1st period - Alex Galchenyuk wins face-off versus Aleksander Barkov in Avalanche zone.
5:59 of 1st period - Snap shot by Victor Olofsson.
5:59 of 1st period - Stopped by Pekka Rinne without a rebound.
6:00 of 1st period - Sean Couturier wins face-off versus Alex Galchenyuk in Avalanche zone.
6:58 of 1st period - Backhand shot by Patrick Marleau.
6:58 of 1st period - Shot Blocked by Brett Ritchie.
7:07 of 1st period - Minor Penalty to Zack Kassian for Checking from behind.
7:08 of 1st period - Nathan MacKinnon wins face-off versus Carl Soderberg in Avalanche zone.
7:20 of 1st period - Snap shot by Nathan MacKinnon.
7:20 of 1st period - Deflect By Mattias Ekholm.
7:20 of 1st period - Stopped by Pekka Rinne without a rebound.
7:21 of 1st period - Nathan MacKinnon wins face-off versus Carl Soderberg in Avalanche zone.
8:26 of 1st period - Ryan Ellis is hit by Mark Pysyk and loses puck.
8:59 of 1st period - Icing by Nathan MacKinnon.
9:00 of 1st period - Sean Couturier wins face-off versus Nathan MacKinnon in Jets zone.
9:07 of 1st period - Penalty to Zack Kassian is over, Zack Kassian is back on ice.
9:17 of 1st period - Snap shot by Brett Ritchie.
9:17 of 1st period - Shot Blocked by Mattias Ekholm.
9:19 of 1st period - Slapshot by Alexander Volkov.
9:19 of 1st period - Stopped by Pekka Rinne with a rebound.
9:21 of 1st period - Wrist shot by Mark Pysyk.
9:21 of 1st period - Stopped by Pekka Rinne without a rebound.
9:22 of 1st period - Mike Sgarbossa wins face-off versus Aleksander Barkov in Avalanche zone.
9:33 of 1st period - Slapshot by Josh Morrissey.
9:33 of 1st period - Shot Misses the Net.
9:35 of 1st period - Snap shot by Josh Manson.
9:35 of 1st period - Shot Blocked by Jay Bouwmeester.
10:52 of 1st period - Snap shot by Brett Ritchie.
10:52 of 1st period - Stopped by Pekka Rinne without a rebound.
10:53 of 1st period - Aleksander Barkov wins face-off versus Nathan MacKinnon in Avalanche zone.
11:00 of 1st period - Wrist shot by Nikita Kucherov.
11:00 of 1st period - Stopped by MacKenzie Blackwood without a rebound.
11:01 of 1st period - Carl Soderberg wins face-off versus Nathan MacKinnon in Jets zone.
11:04 of 1st period - Wrist shot by Carl Soderberg.
11:04 of 1st period - Stopped by MacKenzie Blackwood with a rebound.
11:06 of 1st period - Slapshot by Jaccob Slavin.
11:06 of 1st period - Stopped by MacKenzie Blackwood without a rebound.
11:07 of 1st period - Carl Soderberg wins face-off versus Nathan MacKinnon in Jets zone.
11:08 of 1st period - Slapshot by Zack Kassian.
11:08 of 1st period - Goal by Zack Kassian - Avalanche : 1 - Jets : 0.
11:09 of 1st period - Nathan MacKinnon wins face-off versus Sean Couturier in neutral zone.
11:27 of 1st period - Josh Manson is hit by Jaccob Slavin and loses puck.
11:46 of 1st period - Snap shot by Nikita Kucherov.
11:46 of 1st period - Stopped by MacKenzie Blackwood without a rebound.
11:47 of 1st period - Carl Soderberg wins face-off versus Troy Brouwer in Jets zone.
12:00 of 1st period - Snap shot by Carl Soderberg.
12:00 of 1st period - Stopped by MacKenzie Blackwood without a rebound.
12:01 of 1st period - Sean Couturier wins face-off versus Alex Galchenyuk in Jets zone.
12:04 of 1st period - Wrist shot by Mark Stone.
12:04 of 1st period - Stopped by MacKenzie Blackwood without a rebound.
12:05 of 1st period - Alex Galchenyuk wins face-off versus Reilly Smith in Jets zone.
12:16 of 1st period - Wrist shot by Alex Galchenyuk.
12:16 of 1st period - Stopped by Pekka Rinne with a rebound.
12:18 of 1st period - Slapshot by Josh Manson.
12:18 of 1st period - Deflect By Alex Galchenyuk.
12:18 of 1st period - Stopped by Pekka Rinne without a rebound.
12:19 of 1st period - Aleksander Barkov wins face-off versus Nathan MacKinnon in Avalanche zone.
12:46 of 1st period - Wrist shot by Zach Aston-Reese.
12:46 of 1st period - Stopped by Pekka Rinne without a rebound.
12:47 of 1st period - Carl Soderberg wins face-off versus Zach Aston-Reese in Avalanche zone.
13:16 of 1st period - Slapshot by James van Riemsdyk.
13:16 of 1st period - Stopped by Pekka Rinne with a rebound.
13:18 of 1st period - Snap shot by Mark Pysyk.
13:18 of 1st period - Deflect By Colton Sissons.
13:18 of 1st period - Stopped by Pekka Rinne with a rebound.
13:56 of 1st period - Ryan Ellis is hit by Brett Ritchie.
14:04 of 1st period - Snap shot by Alexander Volkov.
14:04 of 1st period - Stopped by Pekka Rinne without a rebound.
14:05 of 1st period - Sean Couturier wins face-off versus Nathan MacKinnon in Avalanche zone.
14:05 of 1st period - Sean Couturier is hit by Nathan MacKinnon.
14:13 of 1st period - Sean Couturier is hit by James van Riemsdyk and loses puck.
14:52 of 1st period - Backhand shot by Patrick Marleau.
14:52 of 1st period - Stopped by MacKenzie Blackwood without a rebound.
14:53 of 1st period - Eric Fehr wins face-off versus Zach Aston-Reese in Jets zone.
15:26 of 1st period - Snap shot by Colton Sissons.
15:26 of 1st period - Stopped by Pekka Rinne with a rebound.
15:28 of 1st period - Slapshot by Josh Manson.
15:28 of 1st period - Stopped by Pekka Rinne without a rebound.
15:29 of 1st period - Sean Couturier wins face-off versus Alex Galchenyuk in Avalanche zone.
15:38 of 1st period - Backhand shot by Sean Couturier.
15:38 of 1st period - Shot Misses the Net.
15:40 of 1st period - Slapshot by Mark Giordano.
15:40 of 1st period - Deflect By Mark Stone.
15:40 of 1st period - Shot Misses the Net.
15:40 of 1st period - Puck is out of play.
15:41 of 1st period - Nathan MacKinnon wins face-off versus Carl Soderberg in Jets zone.
15:58 of 1st period - Wrist shot by Nathan MacKinnon.
15:58 of 1st period - Shot Misses the Net.
16:01 of 1st period - Icing by Carl Soderberg.
16:02 of 1st period - Carl Soderberg wins face-off versus Alex Galchenyuk in Avalanche zone.
16:10 of 1st period - Backhand shot by Carl Soderberg.
16:10 of 1st period - Stopped by MacKenzie Blackwood with a rebound.
16:14 of 1st period - Wrist shot by Carl Soderberg.
16:14 of 1st period - Stopped by MacKenzie Blackwood with a rebound.
16:16 of 1st period - Slapshot by Mark Giordano.
16:16 of 1st period - Shot Blocked by Jonathan Ericsson.
16:26 of 1st period - Snap shot by Anthony Duclair.
16:26 of 1st period - Stopped by MacKenzie Blackwood with a rebound.
16:32 of 1st period - Wrist shot by Carl Soderberg.
16:32 of 1st period - Shot Blocked by Jonathan Ericsson.
16:34 of 1st period - Wrist shot by Anthony Duclair.
16:34 of 1st period - Shot Blocked by Jonathan Ericsson.
16:36 of 1st period - Wrist shot by Carl Soderberg.
16:36 of 1st period - Stopped by MacKenzie Blackwood without a rebound.
16:37 of 1st period - Sean Couturier wins face-off versus Colton Sissons in Jets zone.
17:25 of 1st period - Icing by Josh Manson.
17:26 of 1st period - Zach Aston-Reese wins face-off versus Eric Fehr in Jets zone.
18:22 of 1st period - Wrist shot by Brayden Point.
18:22 of 1st period - Stopped by MacKenzie Blackwood with a rebound.
18:55 of 1st period - Icing by Josh Manson.
18:56 of 1st period - Colton Sissons wins face-off versus Sean Couturier in Jets zone.
19:09 of 1st period - Snap shot by Reilly Smith.
19:09 of 1st period - Shot Blocked by Josh Manson.
19:51 of 1st period - Snap shot by James van Riemsdyk.
19:51 of 1st period - Shot Blocked by Ryan Ellis.
19:53 of 1st period - Slapshot by Nathan MacKinnon.
19:53 of 1st period - Shot Blocked by Reilly Smith.
19:55 of 1st period - Wrist shot by Nathan MacKinnon.
19:55 of 1st period - Deflect By Reilly Smith.
19:55 of 1st period - Stopped by Pekka Rinne without a rebound.
19:56 of 1st period - Alex Galchenyuk wins face-off versus Brayden Point in Avalanche zone.
19:57 of 1st period - Snap shot by Victor Olofsson.
19:57 of 1st period - Stopped by Pekka Rinne with a rebound.
Goals for this period are 1 for Avalanche vs 0 for Jets.
Shots for this period are 17 for Avalanche vs 15 for Jets.

2nd period


0:01 of 2nd period - Alex Galchenyuk wins face-off versus Aleksander Barkov in neutral zone.
0:29 of 2nd period - Icing by Mark Pysyk.
0:30 of 2nd period - Carl Soderberg wins face-off versus Alex Galchenyuk in Jets zone.
1:00 of 2nd period - Snap shot by Victor Olofsson.
1:00 of 2nd period - Stopped by Pekka Rinne without a rebound.
1:01 of 2nd period - Nathan MacKinnon wins face-off versus Aleksander Barkov in Avalanche zone.
1:02 of 2nd period - Slapshot by James van Riemsdyk.
1:02 of 2nd period - Stopped by Pekka Rinne without a rebound.
1:03 of 2nd period - Nathan MacKinnon wins face-off versus Nikita Kucherov in Avalanche zone.
1:06 of 2nd period - Slapshot by Nathan MacKinnon.
1:06 of 2nd period - Shot Misses the Net.
1:33 of 2nd period - Minor Penalty to Zach Aston-Reese for Charging.
1:34 of 2nd period - Nathan MacKinnon wins face-off versus Aleksander Barkov in Jets zone.
1:44 of 2nd period - Wrist shot by Aleksander Barkov.
1:44 of 2nd period - Stopped by MacKenzie Blackwood without a rebound.
1:45 of 2nd period - Nathan MacKinnon wins face-off versus Aleksander Barkov in Jets zone.
1:45 of 2nd period - Nathan MacKinnon is hit by Nikita Kucherov.
2:11 of 2nd period - James van Riemsdyk is hit by Sean Couturier and loses puck.
3:33 of 2nd period - Penalty to Zach Aston-Reese is over, Zach Aston-Reese is back on ice.
3:42 of 2nd period - Slapshot by Patrick Marleau.
3:42 of 2nd period - Shot Misses the Net.
3:50 of 2nd period - Snap shot by Victor Olofsson.
3:50 of 2nd period - Shot Blocked by Jay Bouwmeester.
3:52 of 2nd period - Snap shot by Colton Sissons.
3:52 of 2nd period - Stopped by Pekka Rinne without a rebound.
3:53 of 2nd period - Anthony Duclair wins face-off versus Mike Sgarbossa in Avalanche zone.
4:02 of 2nd period - Alexander Volkov is hit by Zack Kassian.
4:11 of 2nd period - Off-side.
4:12 of 2nd period - Aleksander Barkov wins face-off versus Zach Aston-Reese in neutral zone.
4:15 of 2nd period - Josh Manson is hit by Nikita Kucherov and loses puck.
4:22 of 2nd period - Slapshot by Zach Aston-Reese.
4:22 of 2nd period - Stopped by Pekka Rinne without a rebound.
4:23 of 2nd period - Aleksander Barkov wins face-off versus Nathan MacKinnon in Avalanche zone.
4:34 of 2nd period - Snap shot by James van Riemsdyk.
4:34 of 2nd period - Deflect By Nathan MacKinnon.
4:34 of 2nd period - Shot Blocked by Brayden Point.
4:34 of 2nd period - Puck is out of play.
4:35 of 2nd period - Sean Couturier wins face-off versus Nathan MacKinnon in Avalanche zone.
4:44 of 2nd period - Mattias Ekholm is hit by Mark Pysyk and loses puck.
5:30 of 2nd period - Snap shot by Wayne Simmonds.
5:30 of 2nd period - Deflect By Zach Aston-Reese.
5:30 of 2nd period - Stopped by Pekka Rinne without a rebound.
5:31 of 2nd period - Nathan MacKinnon wins face-off versus Sean Couturier in Avalanche zone.
5:32 of 2nd period - Snap shot by James van Riemsdyk.
5:32 of 2nd period - Stopped by Pekka Rinne with a rebound.
6:27 of 2nd period - Minor Penalty to Mattias Ekholm for Roughing.
6:28 of 2nd period - Nathan MacKinnon wins face-off versus Carl Soderberg in Avalanche zone.
6:30 of 2nd period - Snap shot by James van Riemsdyk.
6:30 of 2nd period - Shot Blocked by Kevin Connauton.
6:38 of 2nd period - Snap shot by Carl Soderberg.
6:38 of 2nd period - Stopped by MacKenzie Blackwood with a rebound.
8:27 of 2nd period - Penalty to Mattias Ekholm is over, Mattias Ekholm is back on ice.
8:39 of 2nd period - Eric Fehr is hit by Zach Aston-Reese.
9:46 of 2nd period - Josh Manson is hit by Nikita Kucherov and loses puck.
10:01 of 2nd period - Patrick Marleau is hit by Brennan Menell and loses puck.
10:12 of 2nd period - Josh Manson is hit by Mattias Ekholm and loses puck.
10:32 of 2nd period - Zack Kassian is hit by Mike Sgarbossa and loses puck.
11:03 of 2nd period - Snap shot by Alex Galchenyuk.
11:03 of 2nd period - Goal by Alex Galchenyuk - Avalanche : 1 - Jets : 1.
11:04 of 2nd period - Nathan MacKinnon wins face-off versus Sean Couturier in neutral zone.
11:30 of 2nd period - Troy Brouwer is hit by Brayden Point.
11:34 of 2nd period - Slapshot by Josh Manson.
11:34 of 2nd period - Stopped by Pekka Rinne without a rebound.
11:35 of 2nd period - Aleksander Barkov wins face-off versus Alex Galchenyuk in Avalanche zone.
11:42 of 2nd period - Wrist shot by Nikita Kucherov.
11:42 of 2nd period - Shot Blocked by Victor Olofsson.
12:07 of 2nd period - Snap shot by Mark Stone.
12:07 of 2nd period - Shot Blocked by Josh Morrissey.
12:09 of 2nd period - Snap shot by Mark Stone.
12:09 of 2nd period - Stopped by MacKenzie Blackwood without a rebound.
12:10 of 2nd period - Alex Galchenyuk wins face-off versus Carl Soderberg in Jets zone.
12:43 of 2nd period - Wrist shot by Nathan MacKinnon.
12:43 of 2nd period - Stopped by Pekka Rinne with a rebound.
13:50 of 2nd period - Backhand shot by Nathan MacKinnon.
13:50 of 2nd period - Stopped by Pekka Rinne without a rebound.
13:51 of 2nd period - Nathan MacKinnon wins face-off versus Eric Fehr in Avalanche zone.
14:18 of 2nd period - Slapshot by Nathan MacKinnon.
14:18 of 2nd period - Stopped by Pekka Rinne with a rebound.
14:23 of 2nd period - Minor Penalty to Jujhar Khaira for Goalie Interference.
14:24 of 2nd period - Alex Galchenyuk wins face-off versus Carl Soderberg in Avalanche zone.
16:07 of 2nd period - Josh Morrissey is hit by Jaccob Slavin and loses puck.
16:23 of 2nd period - Penalty to Jujhar Khaira is over, Jujhar Khaira is back on ice.
16:30 of 2nd period - Slapshot by Ryan Ellis.
16:30 of 2nd period - Stopped by MacKenzie Blackwood with a rebound.
16:32 of 2nd period - Wrist shot by Jaccob Slavin.
16:32 of 2nd period - Shot Blocked by Mark Pysyk.
16:34 of 2nd period - Slapshot by Ryan Ellis.
16:34 of 2nd period - Stopped by MacKenzie Blackwood with a rebound.
16:36 of 2nd period - Slapshot by Ryan Ellis.
16:36 of 2nd period - Stopped by MacKenzie Blackwood without a rebound.
16:37 of 2nd period - Aleksander Barkov wins face-off versus Zach Aston-Reese in Jets zone.
18:16 of 2nd period - Wrist shot by Brett Ritchie.
18:16 of 2nd period - Shot Blocked by Jujhar Khaira.
19:06 of 2nd period - Thomas Hickey is hit by Ryan Ellis and loses puck.
19:58 of 2nd period - Patrick Marleau is hit by Alex Galchenyuk and loses puck.
Goals for this period are 0 for Avalanche vs 1 for Jets.
Shots for this period are 6 for Avalanche vs 11 for Jets.

3rd period


0:01 of 3rd period - Sean Couturier wins face-off versus Nathan MacKinnon in neutral zone.
0:15 of 3rd period - Snap shot by James van Riemsdyk.
0:15 of 3rd period - Shot Blocked by Mark Giordano.
0:23 of 3rd period - Minor Penalty to Jaccob Slavin for Diving.
0:24 of 3rd period - Nathan MacKinnon wins face-off versus Reilly Smith in Avalanche zone.
0:29 of 3rd period - Snap shot by James van Riemsdyk.
0:29 of 3rd period - Goal by James van Riemsdyk - Avalanche : 1 - Jets : 2.
0:30 of 3rd period - Aleksander Barkov wins face-off versus James van Riemsdyk in neutral zone.
0:39 of 3rd period - Slapshot by Mark Giordano.
0:39 of 3rd period - Stopped by MacKenzie Blackwood without a rebound.
0:40 of 3rd period - Nathan MacKinnon wins face-off versus Aleksander Barkov in Jets zone.
0:40 of 3rd period - Nathan MacKinnon is hit by Nikita Kucherov.
1:08 of 3rd period - Wrist shot by James van Riemsdyk.
1:08 of 3rd period - Deflect By Nathan MacKinnon.
1:08 of 3rd period - Shot Misses the Net.
1:08 of 3rd period - Puck is out of play.
1:09 of 3rd period - Carl Soderberg wins face-off versus Alex Galchenyuk in Avalanche zone.
1:09 of 3rd period - Carl Soderberg is hit by Alex Galchenyuk.
1:50 of 3rd period - Slapshot by Sean Couturier.
1:50 of 3rd period - Stopped by MacKenzie Blackwood without a rebound.
1:51 of 3rd period - Nathan MacKinnon wins face-off versus Nikita Kucherov in Jets zone.
2:04 of 3rd period - Snap shot by James van Riemsdyk.
2:04 of 3rd period - Stopped by Pekka Rinne with a rebound.
2:06 of 3rd period - Slapshot by James van Riemsdyk.
2:06 of 3rd period - Stopped by Pekka Rinne with a rebound.
2:18 of 3rd period - Josh Manson is hit by Reilly Smith and loses puck.
2:25 of 3rd period - Wrist shot by Sean Couturier.
2:25 of 3rd period - Stopped by MacKenzie Blackwood with a rebound.
2:47 of 3rd period - Brett Ritchie is hit by Anthony Duclair.
3:44 of 3rd period - Snap shot by Wayne Simmonds.
3:44 of 3rd period - Stopped by Pekka Rinne without a rebound.
3:45 of 3rd period - Sean Couturier wins face-off versus Alex Galchenyuk in Avalanche zone.
4:16 of 3rd period - Colton Sissons is hit by Reilly Smith.
4:38 of 3rd period - Snap shot by Aleksander Barkov.
4:38 of 3rd period - Stopped by MacKenzie Blackwood with a rebound.
4:40 of 3rd period - Slapshot by Brayden Point.
4:40 of 3rd period - Stopped by MacKenzie Blackwood with a rebound.
4:42 of 3rd period - Slapshot by Jaccob Slavin.
4:42 of 3rd period - Shot Blocked by Wayne Simmonds.
4:54 of 3rd period - Snap shot by Mike Sgarbossa.
4:54 of 3rd period - Shot Misses the Net.
4:56 of 3rd period - Slapshot by Jonathan Ericsson.
4:56 of 3rd period - Deflect By Alexander Volkov.
4:56 of 3rd period - Stopped by Pekka Rinne with a rebound.
4:58 of 3rd period - Wrist shot by Mike Sgarbossa.
4:58 of 3rd period - Shot Misses the Net.
5:00 of 3rd period - Slapshot by Jonathan Ericsson.
5:00 of 3rd period - Deflect By Mike Sgarbossa.
5:00 of 3rd period - Stopped by Pekka Rinne without a rebound.
5:01 of 3rd period - Nathan MacKinnon wins face-off versus Aleksander Barkov in Avalanche zone.
5:18 of 3rd period - Snap shot by James van Riemsdyk.
5:18 of 3rd period - Deflect By Brayden Point.
5:18 of 3rd period - Stopped by Pekka Rinne with a rebound.
6:20 of 3rd period - Wrist shot by Anthony Duclair.
6:20 of 3rd period - Stopped by MacKenzie Blackwood without a rebound.
6:21 of 3rd period - Sean Couturier wins face-off versus Mike Sgarbossa in Jets zone.
6:30 of 3rd period - Slapshot by Brett Ritchie.
6:30 of 3rd period - Stopped by Pekka Rinne with a rebound.
6:32 of 3rd period - Snap shot by Brett Ritchie.
6:32 of 3rd period - Stopped by Pekka Rinne with a rebound.
6:34 of 3rd period - Slapshot by Jonathan Ericsson.
6:34 of 3rd period - Stopped by Pekka Rinne without a rebound.
6:35 of 3rd period - Alex Galchenyuk wins face-off versus Aleksander Barkov in Avalanche zone.
7:03 of 3rd period - Snap shot by Brayden Point.
7:03 of 3rd period - Shot Blocked by Jonathan Ericsson.
7:17 of 3rd period - Wrist shot by Brayden Point.
7:17 of 3rd period - Stopped by MacKenzie Blackwood with a rebound.
7:19 of 3rd period - Slapshot by Ryan Ellis.
7:19 of 3rd period - Stopped by MacKenzie Blackwood without a rebound.
7:20 of 3rd period - Nathan MacKinnon wins face-off versus Mark Stone in Jets zone.
7:47 of 3rd period - Jaccob Slavin is hit by Zach Aston-Reese and loses puck.
7:58 of 3rd period - Slapshot by Zach Aston-Reese.
7:58 of 3rd period - Stopped by Pekka Rinne without a rebound.
7:59 of 3rd period - Sean Couturier wins face-off versus Alexander Volkov in Avalanche zone.
7:59 of 3rd period - Sean Couturier is hit by Mike Sgarbossa.
8:19 of 3rd period - Minor Penalty to Sean Couturier for Roughing.
8:20 of 3rd period - Nathan MacKinnon wins face-off versus Carl Soderberg in Avalanche zone.
8:52 of 3rd period - Wrist shot by Victor Olofsson.
8:52 of 3rd period - Shot Misses the Net.
9:30 of 3rd period - Jaccob Slavin is hit by Troy Brouwer and loses puck.
9:45 of 3rd period - James van Riemsdyk is hit by Mattias Ekholm and loses puck.
9:58 of 3rd period - Anthony Duclair is hit by Troy Brouwer and loses puck.
10:06 of 3rd period - Icing by Mark Pysyk.
10:07 of 3rd period - Alex Galchenyuk wins face-off versus Carl Soderberg in Jets zone.
10:19 of 3rd period - Penalty to Sean Couturier is over, Sean Couturier is back on ice.
10:27 of 3rd period - Minor Penalty to Wayne Simmonds for Slashing.
10:28 of 3rd period - Aleksander Barkov wins face-off versus Nathan MacKinnon in Jets zone.
10:33 of 3rd period - Slapshot by Nikita Kucherov.
10:33 of 3rd period - Goal by Nikita Kucherov - Avalanche : 2 - Jets : 2.
10:34 of 3rd period - Aleksander Barkov wins face-off versus Nathan MacKinnon in neutral zone.
11:01 of 3rd period - Josh Morrissey is hit by Reilly Smith and loses puck.
11:12 of 3rd period - Snap shot by Mark Stone.
11:12 of 3rd period - Shot Hit the Post.
11:46 of 3rd period - Backhand shot by Brett Ritchie.
11:46 of 3rd period - Stopped by Pekka Rinne without a rebound.
11:47 of 3rd period - Mike Sgarbossa wins face-off versus Eric Fehr in Avalanche zone.
12:28 of 3rd period - Wrist shot by Brett Ritchie.
12:28 of 3rd period - Stopped by Pekka Rinne without a rebound.
12:29 of 3rd period - Aleksander Barkov wins face-off versus Nathan MacKinnon in Avalanche zone.
14:15 of 3rd period - Snap shot by Zach Aston-Reese.
14:15 of 3rd period - Stopped by Pekka Rinne without a rebound.
14:16 of 3rd period - Zach Aston-Reese wins face-off versus Sean Couturier in Avalanche zone.
14:37 of 3rd period - Snap shot by James van Riemsdyk.
14:37 of 3rd period - Stopped by Pekka Rinne without a rebound.
14:38 of 3rd period - Brayden Point wins face-off versus Nathan MacKinnon in Avalanche zone.
14:53 of 3rd period - Slapshot by Mattias Ekholm.
14:53 of 3rd period - Shot Blocked by James van Riemsdyk.
14:55 of 3rd period - Snap shot by Aleksander Barkov.
14:55 of 3rd period - Shot Misses the Net.
15:05 of 3rd period - Zack Kassian is hit by Victor Olofsson and loses puck.
15:26 of 3rd period - Slapshot by Sean Couturier.
15:26 of 3rd period - Shot Misses the Net.
15:28 of 3rd period - Snap shot by Mark Stone.
15:28 of 3rd period - Deflect By Reilly Smith.
15:28 of 3rd period - Shot Misses the Net.
15:28 of 3rd period - Puck is out of play.
15:29 of 3rd period - Zach Aston-Reese wins face-off versus Carl Soderberg in Jets zone.
15:31 of 3rd period - Minor Penalty to Thomas Hickey for Holding.
15:32 of 3rd period - Nathan MacKinnon wins face-off versus Aleksander Barkov in Jets zone.
15:39 of 3rd period - Off-side.
15:40 of 3rd period - Nathan MacKinnon wins face-off versus Aleksander Barkov in neutral zone.
15:55 of 3rd period - Snap shot by Nathan MacKinnon.
15:55 of 3rd period - Deflect By James van Riemsdyk.
15:55 of 3rd period - Shot Blocked by Ryan Ellis.
15:55 of 3rd period - Puck is out of play.
15:56 of 3rd period - Nathan MacKinnon wins face-off versus Aleksander Barkov in Avalanche zone.
16:27 of 3rd period - Snap shot by Sean Couturier.
16:27 of 3rd period - Goal by Sean Couturier - Avalanche : 3 - Jets : 2.
16:28 of 3rd period - Zach Aston-Reese wins face-off versus Carl Soderberg in neutral zone.
16:35 of 3rd period - Wayne Simmonds is hit by Zack Kassian and loses puck.
16:54 of 3rd period - Josh Morrissey is hit by Mark Stone and loses puck.
18:05 of 3rd period - Icing by Martin Hanzal.
18:06 of 3rd period - Sean Couturier wins face-off versus Zach Aston-Reese in Jets zone.
18:08 of 3rd period - Minor Penalty to Sean Couturier for High sticking.
18:09 of 3rd period - Carl Soderberg wins face-off versus Nathan MacKinnon in Avalanche zone.
18:19 of 3rd period - Wrist shot by Colton Sissons.
18:19 of 3rd period - Stopped by Pekka Rinne with a rebound.
18:21 of 3rd period - Wrist shot by Mark Pysyk.
18:21 of 3rd period - Shot Misses the Net.
18:39 of 3rd period - Wrist shot by Alex Galchenyuk.
18:39 of 3rd period - Stopped by Pekka Rinne with a rebound.
18:41 of 3rd period - Backhand shot by Mark Pysyk.
18:41 of 3rd period - Stopped by Pekka Rinne without a rebound.
18:42 of 3rd period - Anthony Duclair wins face-off versus Nathan MacKinnon in Avalanche zone.
Goals for this period are 2 for Avalanche vs 1 for Jets.
Shots for this period are 10 for Avalanche vs 18 for Jets. Output by the SimonT Hockey Simulator (STHS) for Eric Tremblay - Original Page W3C HTML5 Valid
Hockey Simulator - Hockey Simulation - Hockey Manager